| TOP OF THE 1ST |
|
Seattle Mariners batting - Pitching for San Diego Padres : RHP Toby Williams
|
|
Pitching: RHP Toby Williams
|
|
|
Batting: RHB Jose Vasquez
|
0-0: Ball 1-0: SINGLE (Groundball, 56S, EV 68.8 MPH) (infield hit)
|
|
Batting: LHB Dae-ik Yoon
|
0-0: Fly out, F8 (Line Drive, 8RD, EV 88.1 MPH)
|
|
Pitching: LHP Jason Breeden
|
|
|
Batting: LHB John Zumbo
|
0-0: Called Strike 0-1: Ball 1-1: Swinging Strike 1-2: SINGLE (Groundball, 4MD, EV 96.2 MPH) Jose Vasquez to second Runner from 2nd tries for 3rd, SAFE, throw by CF made to third
|
|
Batting: SHB Tze-meng Gan
|
0-0: Ball 1-0: Foul Ball, location: 2F 1-1: Grounds into double play, 4-6-3 (Groundball, 4, EV 101.9 MPH)
|
| Top of the 1st over - 0 runs, 2 hits, 0 errors, 1 left on base; Seattle 0 - San Diego 0 |
| BOTTOM OF THE 1ST |
|
San Diego Padres batting - Pitching for Seattle Mariners : RHP Bas Kooy
|
|
Pitching: RHP Bas Kooy
|
|
|
Batting: LHB Per Meulengracht
|
0-0: Ball 1-0: Ball 2-0: Called Strike 2-1: Foul Ball, location: 2F 2-2: Strikes out swinging
|
|
Batting: LHB Kevin Bellman
|
0-0: Ball 1-0: Ball 2-0: Called Strike 2-1: Ball 3-1: Ground out 6-3 (Groundball, 6M, EV 99.4 MPH)
|
|
Batting: SHB Jerry Luckwell
|
0-0: Ball 1-0: Fly out, F6 (Flyball, 56D, EV 93.8 MPH)
|
| Bottom of the 1st over - 0 runs, 0 hits, 0 errors, 0 left on base; Seattle 0 - San Diego 0 |
| TOP OF THE 2ND |
|
Seattle Mariners batting - Pitching for San Diego Padres : LHP Jason Breeden
|
|
Batting: LHB Bi-jun Chien
|
0-0: Ball 1-0: Fly out, F8 (Line Drive, 8LD, EV 90.6 MPH)
|
|
Batting: RHB Steve Bartman Jr.
|
0-0: Called Strike 0-1: Ball 1-1: Called Strike 1-2: Strikes out swinging, 2-3 out at first.
|
|
Batting: RHB Corey Ottinger
|
0-0: Fly out, F9 (Flyball, 89M, EV 95.6 MPH)
|
| Top of the 2nd over - 0 runs, 0 hits, 0 errors, 0 left on base; Seattle 0 - San Diego 0 |
| BOTTOM OF THE 2ND |
|
San Diego Padres batting - Pitching for Seattle Mariners : RHP Bas Kooy
|
|
Batting: LHB Mike Holt
|
0-0: Called Strike 0-1: Ball 1-1: Foul Ball, location: 2F 1-2: Foul Ball, location: 2F 1-2: Fly out, F7 (Line Drive, 7, EV 98.8 MPH)
|
|
Batting: RHB Cesar Breceda
|
0-0: Ball 1-0: SINGLE (Groundball, 6MD, EV 101.9 MPH)
|
|
Batting: LHB Aaron LeBlanc
|
0-0: Ball 1-0: Fielders Choice at 2nd, 2-4 (Groundball, 2L, EV 60.6 MPH)
|
|
Batting: RHB Chiel Palstermans
|
0-0: Ball 1-0: Called Strike 1-1: SINGLE (Groundball, 34D, EV 98.8 MPH) Aaron LeBlanc to second Runner from 2nd tries for 3rd, OUT! 9-5
|
| Bottom of the 2nd over - 0 runs, 2 hits, 0 errors, 1 left on base; Seattle 0 - San Diego 0 |
| TOP OF THE 3RD |
|
Seattle Mariners batting - Pitching for San Diego Padres : LHP Jason Breeden
|
|
Batting: RHB Young-kwang Ohnn
|
0-0: Foul Ball, location: 2F 0-1: Ball 1-1: Ball 2-1: Fly out, F9 (Flyball, 89S, EV 86.2 MPH)
|
|
Batting: RHB Leon Alders
|
0-0: Ball 1-0: Called Strike 1-1: Ball 2-1: Called Strike 2-2: Foul Ball, location: 2F 2-2: Ground out 5-3 (Groundball, 56S, EV 69.4 MPH)
|
|
Batting: RHB Jose Vasquez
|
0-0: Ball 1-0: Called Strike 1-1: Ball 2-1: Ball 3-1: Base on Balls
|
|
Batting: LHB Dae-ik Yoon
|
0-0: Called Strike 0-1: Called Strike Jose Vasquez steals 2nd base 0-2: Ball 1-2: Ball 2-2: Ball 3-2: Ground out U3 (Groundball, 3, EV 104.4 MPH)
|
| Top of the 3rd over - 0 runs, 0 hits, 0 errors, 1 left on base; Seattle 0 - San Diego 0 |
| BOTTOM OF THE 3RD |
|
San Diego Padres batting - Pitching for Seattle Mariners : RHP Bas Kooy
|
|
Batting: LHB Andy Bowman
|
0-0: Called Strike 0-1: Fly out, F4 (Line Drive, 4, EV 70.0 MPH)
|
|
Batting: RHB Alois Wollf
|
0-0: Ball 1-0: Ball 2-0: Foul Ball, location: 2F 2-1: Fly out, F5 (Popup, 56, EV 66.9 MPH)
|
|
Batting: LHB Per Meulengracht
|
0-0: Ball 1-0: Called Strike 1-1: Ball 2-1: Foul Ball, location: 2F 2-2: Strikes out swinging
|
| Bottom of the 3rd over - 0 runs, 0 hits, 0 errors, 0 left on base; Seattle 0 - San Diego 0 |
| TOP OF THE 4TH |
|
Seattle Mariners batting - Pitching for San Diego Padres : LHP Jason Breeden
|
|
Batting: LHB John Zumbo
|
0-0: Foul Ball, location: 2F 0-1: Ball 1-1: SINGLE (Groundball, 34D, EV 106.2 MPH)
|
|
Batting: SHB Tze-meng Gan
|
0-0: Foul Ball, location: 2F 0-1: Ball 1-1: Ball 2-1: Ball 3-1: Base on Balls John Zumbo to second
|
|
Batting: LHB Bi-jun Chien
|
0-0: Called Strike 0-1: Fly out, F6 (Popup, 6D, EV 55.6 MPH)
|
|
Batting: RHB Steve Bartman Jr.
|
0-0: Ball 1-0: Foul Ball, location: 2F 1-1: Foul Ball, location: 2F 1-2: Foul Ball, location: 2F 1-2: Ball 2-2: Ball 3-2: Base on Balls John Zumbo to third Tze-meng Gan to second
|
|
Batting: RHB Corey Ottinger
|
0-0: Ball 1-0: Ball 2-0: Foul Ball, location: 2F 2-1: Ball 3-1: Base on Balls John Zumbo scores Tze-meng Gan to third Steve Bartman Jr. to second
|
|
Pitching: LHP Ricardo Chavez
|
|
|
Batting: RHB Young-kwang Ohnn
|
0-0: Swinging Strike 0-1: Ball 1-1: Fly out, F7 (Flyball, 7LD, EV 88.8 MPH) Runner from 3rd tags up, SCORES, throw by LF Steve Bartman Jr. to third
|
|
Batting: RHB Leon Alders
|
0-0: Foul Ball, location: 2F 0-1: Ball 1-1: Ball 2-1: Foul Ball, location: 2F 2-2: Strikes out looking
|
| Top of the 4th over - 2 runs, 1 hit, 0 errors, 2 left on base; Seattle 2 - San Diego 0 |
| BOTTOM OF THE 4TH |
|
San Diego Padres batting - Pitching for Seattle Mariners : RHP Bas Kooy
|
|
Batting: LHB Kevin Bellman
|
0-0: Fly out, F3 (Line Drive, 4, EV 72.5 MPH)
|
|
Batting: SHB Jerry Luckwell
|
0-0: Ball 1-0: Ball 2-0: Ball 3-0: Ground out U3 (Groundball, 3L, EV 85.6 MPH)
|
|
Batting: LHB Mike Holt
|
0-0: Swinging Strike 0-1: Foul Ball, location: 2F 0-2: SOLO HOME RUN (Flyball, 89XD, EV 106.9 MPH), Distance : 414 ft
|
|
Batting: RHB Cesar Breceda
|
0-0: Called Strike 0-1: Ball 1-1: Called Strike 1-2: Strikes out swinging
|
| Bottom of the 4th over - 1 run, 1 hit, 0 errors, 0 left on base; Seattle 2 - San Diego 1 |
| TOP OF THE 5TH |
|
Seattle Mariners batting - Pitching for San Diego Padres : LHP Ricardo Chavez
|
|
Batting: RHB Jose Vasquez
|
0-0: Foul Ball, location: 2F 0-1: Fly out, F7 (Flyball, 7LS, EV 90.6 MPH)
|
|
Batting: LHB Dae-ik Yoon
|
0-0: Ground out 5-3 (Groundball, 5, EV 81.9 MPH)
|
|
Batting: LHB John Zumbo
|
0-0: Foul Ball, location: 2F 0-1: Ball 1-1: Fly out, F8 (Flyball, 78S, EV 86.2 MPH)
|
| Top of the 5th over - 0 runs, 0 hits, 0 errors, 0 left on base; Seattle 2 - San Diego 1 |
| BOTTOM OF THE 5TH |
|
San Diego Padres batting - Pitching for Seattle Mariners : RHP Bas Kooy
|
|
Batting: LHB Aaron LeBlanc
|
0-0: DOUBLE (Line Drive, 8LXD, EV 108.8 MPH)
|
|
Batting: RHB Chiel Palstermans
|
0-0: Ball 1-0: Foul Ball, location: 2F 1-1: Foul Ball, location: 2F 1-2: Ball 2-2: Foul Ball, location: 2F 2-2: Fly out, F4 (Popup, 4M, EV 70.6 MPH)
|
|
Batting: LHB Andy Bowman
|
0-0: Fly out, F7 (Flyball, 7, EV 90.0 MPH)
|
|
Batting: RHB Alois Wollf
|
0-0: Foul Ball, location: 2F 0-1: Foul Ball, location: 2F 0-2: Ball 1-2: Ground out 6-3 (Groundball, 6, EV 88.1 MPH)
|
| Bottom of the 5th over - 0 runs, 1 hit, 0 errors, 1 left on base; Seattle 2 - San Diego 1 |
| TOP OF THE 6TH |
|
Seattle Mariners batting - Pitching for San Diego Padres : LHP Ricardo Chavez
|
|
Batting: SHB Tze-meng Gan
|
0-0: Ground out 6-3 (Groundball, 6, EV 76.9 MPH)
|
|
Batting: LHB Bi-jun Chien
|
0-0: Ball 1-0: Called Strike 1-1: Foul Ball, location: 2F 1-2: SINGLE (Groundball, 56S, EV 67.5 MPH) (infield hit)
|
|
Batting: RHB Steve Bartman Jr.
|
0-0: Ball 1-0: Ball 2-0: Ball 3-0: Base on Balls Bi-jun Chien to second
|
|
Batting: RHB Corey Ottinger
|
0-0: Called Strike 0-1: Swinging Strike 0-2: Ball 1-2: Grounds into double play, 4-6-3 (Groundball, 4, EV 85.6 MPH)
|
| Top of the 6th over - 0 runs, 1 hit, 0 errors, 1 left on base; Seattle 2 - San Diego 1 |
| BOTTOM OF THE 6TH |
|
San Diego Padres batting - Pitching for Seattle Mariners : RHP Bas Kooy
|
|
Batting: LHB Per Meulengracht
|
0-0: Foul Ball, location: 2F 0-1: Called Strike 0-2: Ball 1-2: SINGLE (Groundball, 4S, EV 73.1 MPH) (infield hit)
|
|
Batting: LHB Kevin Bellman
|
0-0: Ball 1-0: Swinging Strike 1-1: Ball 2-1: Ball 3-1: Foul Ball, location: 2F 3-2: Base on Balls Per Meulengracht to second
|
|
Batting: SHB Jerry Luckwell
|
0-0: Swinging Strike 0-1: Ball 1-1: Foul Ball, location: 2F 1-2: Ball 2-2: Ball 3-2: Fly out, F9 (Flyball, 9, EV 93.1 MPH) Runner from 2nd tags up, SAFE at 3rd with throw by RF
|
|
Batting: LHB Mike Holt
|
0-0: Ball Kevin Bellman is caught stealing 2nd base 2-6 1-0: Called Strike 1-1: Ground out 5-3 (Groundball, 5, EV 84.4 MPH)
|
| Bottom of the 6th over - 0 runs, 1 hit, 0 errors, 1 left on base; Seattle 2 - San Diego 1 |
| TOP OF THE 7TH |
|
Seattle Mariners batting - Pitching for San Diego Padres : LHP Ricardo Chavez
|
|
Pitching: RHP Raul Almonte
|
|
|
Batting: RHB Young-kwang Ohnn
|
0-0: Ball 1-0: Swinging Strike 1-1: Foul Ball, location: 2F 1-2: Strikes out looking
|
|
Batting: RHB Leon Alders
|
0-0: Called Strike 0-1: Ball 1-1: Ball 2-1: Called Strike 2-2: SINGLE (Groundball, 56S, EV 68.1 MPH) (infield hit)
|
|
Batting: RHB Jose Vasquez
|
0-0: Ball 1-0: Foul Ball, location: 2F 1-1: SINGLE (Line Drive, 89M, EV 92.5 MPH) Leon Alders to second Runner from 2nd tries for 3rd, SAFE, throw by RF made at trailing runner, OUT! 9-6
|
|
Batting: LHB Dae-ik Yoon
|
0-0: Called Strike 0-1: Called Strike 0-2: Ball 1-2: Strikes out looking
|
| Top of the 7th over - 0 runs, 2 hits, 0 errors, 1 left on base; Seattle 2 - San Diego 1 |
| BOTTOM OF THE 7TH |
|
San Diego Padres batting - Pitching for Seattle Mariners : RHP Bas Kooy
|
|
Batting: RHB Cesar Breceda
|
0-0: Ball 1-0: Swinging Strike 1-1: Ball 2-1: Foul Ball, location: 2F 2-2: Strikes out swinging
|
|
Batting: LHB Aaron LeBlanc
|
0-0: Ball 1-0: Called Strike 1-1: Swinging Strike 1-2: Fly out, F7 (Flyball, 78M, EV 95.0 MPH)
|
|
Batting: RHB Chiel Palstermans
|
0-0: Foul Ball, location: 2F 0-1: Foul Ball, location: 2F 0-2: Ground out 4-3 (Groundball, 4, EV 78.8 MPH)
|
| Bottom of the 7th over - 0 runs, 0 hits, 0 errors, 0 left on base; Seattle 2 - San Diego 1 |
| TOP OF THE 8TH |
|
Seattle Mariners batting - Pitching for San Diego Padres : RHP Raul Almonte
|
|
Batting: LHB John Zumbo
|
0-0: Called Strike 0-1: Swinging Strike 0-2: Ball 1-2: SINGLE (Line Drive, 78S, EV 100.0 MPH)
|
|
Batting: SHB Tze-meng Gan
|
0-0: Ball 1-0: Called Strike 1-1: Ball 2-1: Swinging Strike 2-2: Strikes out looking
|
|
Batting: LHB Bi-jun Chien
|
0-0: Ball 1-0: Ball 2-0: DOUBLE (Flyball, 9D, EV 108.1 MPH) John Zumbo to third Runner from 3rd tries for Home, SAFE, throw by RF to trailing runner, OUT at third! 9-3-5
|
|
Batting: RHB Steve Bartman Jr.
|
0-0: Ball 1-0: Ball 2-0: Called Strike 2-1: Foul Ball, location: 2F 2-2: Foul Ball, location: 2F 2-2: Fly out, F8 (Flyball, 8LD, EV 101.9 MPH)
|
| Top of the 8th over - 1 run, 2 hits, 0 errors, 0 left on base; Seattle 3 - San Diego 1 |
| BOTTOM OF THE 8TH |
|
San Diego Padres batting - Pitching for Seattle Mariners : RHP Bas Kooy
|
|
Pitching: RHP William de Jesus
|
|
|
Batting: LHB Andy Bowman
|
0-0: Ball 1-0: Called Strike 1-1: Called Strike 1-2: Strikes out looking
|
|
Batting: RHB Alois Wollf
|
0-0: Foul Ball, location: 2F 0-1: Foul Ball, location: 2F 0-2: Fly out, F7 (Line Drive, 7, EV 91.9 MPH)
|
|
Batting: LHB Per Meulengracht
|
0-0: Ball 1-0: Called Strike 1-1: SINGLE (Groundball, 34D, EV 108.8 MPH)
|
|
Batting: LHB Kevin Bellman
|
0-0: Foul Ball, location: 2F 0-1: Ball 1-1: TRIPLE (Flyball, 89XD, EV 97.5 MPH) Per Meulengracht scores
|
|
Batting: SHB Jerry Luckwell
|
0-0: Ball 1-0: Foul Ball, location: 2F 1-1: Ball 2-1: Ball 3-1: DOUBLE (Groundball, 3L, EV 101.2 MPH) Kevin Bellman scores
|
|
Batting: LHB Mike Holt
|
0-0: Called Strike 0-1: Ball 1-1: Ball 2-1: Foul Ball, location: 2F 2-2: Strikes out looking
|
| Bottom of the 8th over - 2 runs, 3 hits, 0 errors, 1 left on base; Seattle 3 - San Diego 3 |
| TOP OF THE 9TH |
|
Seattle Mariners batting - Pitching for San Diego Padres : RHP Raul Almonte
|
|
Pitching: LHP Tommy Hall
|
|
|
Batting: RHB Corey Ottinger
|
0-0: Called Strike 0-1: Ball 1-1: Ball 2-1: Ball 3-1: Called Strike 3-2: Base on Balls
|
|
Pinch Runner at 1st Floyd-William Goof:
|
|
|
Batting: RHB Young-kwang Ohnn
|
0-0: Ball 1-0: Ball 2-0: DOUBLE (Groundball, 5L, EV 100.6 MPH) Floyd-William Goof to third
|
|
Batting: RHB Leon Alders
|
0-0: Called Strike 0-1: SINGLE (Groundball, 34, EV 98.8 MPH) Floyd-William Goof scores Young-kwang Ohnn to third
|
|
Batting: RHB Jose Vasquez
|
0-0: Ball 1-0: Ball 2-0: Foul Ball, location: 2F 2-1: SINGLE (Groundball, 6M, EV 103.8 MPH) Young-kwang Ohnn scores Leon Alders to second Runner from 2nd tries for 3rd, SAFE, throw by CF made to third
|
|
Batting: LHB Dae-ik Yoon
|
0-0: Ball 1-0: Ball 2-0: Grounds into double play, 5-4-3 (Groundball, 5, EV 105.0 MPH) Leon Alders scores
|
|
Batting: LHB John Zumbo
|
0-0: Ball 1-0: Swinging Strike 1-1: Ball 2-1: SINGLE (Flyball, 9LS, EV 90.0 MPH)
|
|
Batting: SHB Tze-meng Gan
|
0-0: Ball 1-0: Swinging Strike 1-1: Foul Ball, location: 2F 1-2: Ball 2-2: Fly out, F8 (Flyball, 8RS, EV 81.9 MPH)
|
| Top of the 9th over - 3 runs, 4 hits, 0 errors, 1 left on base; Seattle 6 - San Diego 3 |
| BOTTOM OF THE 9TH |
|
San Diego Padres batting - Pitching for Seattle Mariners : RHP William de Jesus
|
|
Pitching: RHP William Cordero
|
|
|
Now at C: Floyd-William Goof
|
|
|
Now at 3B: Young-kwang Ohnn
|
|
|
Batting: RHB Cesar Breceda
|
0-0: Called Strike 0-1: Ball 1-1: Ball 2-1: Ball 3-1: Foul Ball, location: 2F 3-2: Fly out, F6 (Flyball, 56D, EV 81.2 MPH)
|
|
Batting: LHB Aaron LeBlanc
|
0-0: Ball 1-0: Foul Ball, location: 2F 1-1: Ball 2-1: Foul Ball, location: 2F 2-2: Foul Ball, location: 2F 2-2: Foul Ball, location: 2F 2-2: SINGLE (Groundball, 6MS, EV 94.4 MPH) (infield hit)
|
|
Batting: RHB Chiel Palstermans
|
0-0: Foul Ball, location: 2F 0-1: Ball Wild Pitch! Aaron LeBlanc to second 1-1: Called Strike 1-2: Ground out 6-3 (Groundball, 6M, EV 78.1 MPH) Aaron LeBlanc to third
|
|
Batting: LHB Andy Bowman
|
0-0: Ball 1-0: Called Strike 1-1: Ball 2-1: Ball 3-1: Swinging Strike 3-2: Ground out 4-3 (Groundball, 4, EV 92.5 MPH)
|
| Bottom of the 9th over - 0 runs, 1 hit, 0 errors, 1 left on base; Seattle 6 - San Diego 3 |
|